 Dungeon Crawl Stone Soup version 0.28-a0-265-g048bc9fd10 (webtiles) character file.

Game seed: 18278678951807213138

861 pokeman the Thaumaturge (level 7, -1/38 HPs)
             Began as a Deep Elf Hedge Wizard on Aug 28, 2021.
             Slain by Prince Ribbit (18 damage)
             ... on level 5 of the Dungeon.
             The game lasted 00:12:51 (6809 turns).

pokeman the Thaumaturge (Deep Elf Hedge Wizard)     Turns: 6809, Time: 00:12:52

Health: -1/38      AC:  4    Str:  7    XL:     7   Next: 71%
Magic:  35/39      EV: 12    Int: 21    God:
Gold:   172        SH:  0    Dex: 14    Spells: 12/23 levels left

rFire   . . .      SeeInvis .   t - +1 dagger (venom)
rCold   . . .      Faith    .   (no shield)
rNeg    . . .      Spirit   .   f - +0 leather armour
rPois   .          Reflect  .   q - +0 helmet
rElec   .          Harm     .   (no cloak)
rCorr   .          Rampage  .   (no gloves)
Will    .....                   (no boots)
Stlth   ++........              (no amulet)
HPRegen 0.12/turn               p - ring of magical power
MPRegen 0.26/turn               i - ring of magical power

@: no status effects
A: no striking features
a: no special abilities


You were on level 5 of the Dungeon.
You visited 1 branch of the dungeon, and saw 5 of its levels.
You also visited: Sewer.

You collected 172 gold pieces.

Inventory:

Hand Weapons
 t - a +1 dagger of venom (weapon)
Missiles
 k - 19 bolts
Armour
 f - a +0 leather armour (worn)
 o - a +0 kite shield
 q - a +0 helmet (worn)
Jewellery
 i - a ring of magical power (right hand)
 j - a +6 ring of dexterity
 n - an amulet of guardian spirit
 p - a ring of magical power (left hand)
 C - a ring of magical power
Wands
 m - a wand of polymorph (12)
Scrolls
 c - 5 scrolls of identify {unknown}
 e - a scroll of teleportation {unknown}
 h - a scroll of torment {unknown}
 l - 2 scrolls of fog {unknown}
 y - a scroll of enchant weapon {unknown}
Potions
 a - a potion of flight {unknown}
 b - a potion of degeneration {unknown}
 d - a potion of invisibility {unknown}
 g - 6 potions of curing {unknown}
 r - a potion of brilliance {unknown}
 s - a potion of attraction {unknown}
 u - 5 potions of haste
 v - a potion of heal wounds {unknown}
 w - 2 potions of cancellation {unknown}
 x - 2 potions of resistance {unknown}
 z - a potion of experience {unknown}
 A - a potion of magic {unknown}
 B - 2 potions of mutation {unknown}


   Skills:
 - Level 1.0 Fighting
 + Level 1.0 Armour
 - Level 3.0 Dodging
 - Level 3.0 Stealth
 - Level 2.0 Shields
 * Level 8.5 Spellcasting
 + Level 4.2 Conjurations
 - Level 1.1 Summonings
 - Level 1.1 Translocations
 + Level 2.9 Fire Magic
 - Level 1.0 Air Magic
 - Level 1.0 Poison Magic
 - Level 1.0 Evocations


You had 12 spell levels left.
You knew the following spells:

 Your Spells              Type           Power      Damage    Failure   Level
a - Magic Dart            Conj           100%       1d8       1%          1
b - Mephitic Cloud        Conj/Pois/Air  17%        N/A       14%         3
c - Call Imp              Summ           13%        N/A       11%         2
d - Blink                 Tloc           N/A        N/A       11%         2
e - Conjure Flame         Conj/Fire      24%        6-21      8%          3

Your spell library contained the following spells:

 Spells                   Type           Power      Damage    Failure   Level
 Corpse Rot               Necr/Air       N/A        N/A       14%         2
 Slow                     Hex            8%         N/A       17%         2
 Confusing Touch          Hex            8%         N/A       32%         3
 Dispel Undead            Necr           8%         3d8       73%         4
 Alistair's Intoxication  Tmut/Pois      7%         N/A       94%         5
 Borgnjor's Vile Clutch   Necr/Erth      4%         N/A       97%         5
 Yara's Violent Unravell  Hex/Tmut       4%         3d4       97%         5
 Death Channel            Necr           4%         N/A       100%        6
 Eringya's Noxious Bog    Tmut/Pois      5%         N/A       100%        6


Dungeon Overview and Level Annotations

Branches:
Dungeon (5/15)              Sewer (visited)
 Temple: D:4-7

Altars:
Okawaru
Ru

Shops:
D:3 [

Annotations:
D:5 Prince Ribbit


Message History

Press: ? - help, Shift-Dir - straight line, f/p - Prince Ribbit
Aim: Prince Ribbit (lightly wounded, 100% to hit)
The magic dart hits Prince Ribbit!
Prince Ribbit is moderately wounded.
Casting: Magic Dart (safe; 1% risk of failure)
Confirm with . or Enter, or press ? or * to list all spells.
Aiming: Magic Dart (safe; 1% risk of failure)
Press: ? - help, Shift-Dir - straight line, f/p - Prince Ribbit
Aim: Prince Ribbit (moderately wounded, 100% to hit)
Okay, then.
Unknown command.
Casting: Magic Dart (safe; 1% risk of failure)
Confirm with . or Enter, or press ? or * to list all spells.
The spell is quite dangerous to cast (14% risk of failure)!
Continue anyway?
Aiming: Mephitic Cloud (quite dangerous; 14% risk of failure)
Press: ? - help, Shift-Dir - straight line, f/p - Prince Ribbit
Aim: Prince Ribbit (moderately wounded, chance to affect: 72%)
The ball explodes into a vile cloud!
The stinking cloud engulfs Prince Ribbit but does no damage.
Prince Ribbit is moderately wounded.
Prince Ribbit is engulfed in noxious fumes.
Unknown command.
You hit Prince Ribbit.
Prince Ribbit is poisoned.
Prince Ribbit is heavily wounded.
Prince Ribbit is engulfed in noxious fumes.
Prince Ribbit appears confused.
Prince Ribbit is engulfed in noxious fumes.
Prince Ribbit hits you but does no damage.
You hit Prince Ribbit.
Prince Ribbit is heavily wounded.
Prince Ribbit is engulfed in noxious fumes.
Prince Ribbit hits you.
You hit Prince Ribbit.
Prince Ribbit looks as sick as possible!
Prince Ribbit is heavily wounded.
Prince Ribbit hits you!
You closely miss Prince Ribbit.
Prince Ribbit is heavily wounded.
Prince Ribbit hits you!!
You die...

# ## #.# .######### #.#
.##..<...###.#####
.##..............###
.##........#.#.#...#####
.##..............#......
.##........#....F.......
.##............#@.°..#.
###.###.#..#..##.°.°.# #
#.###.#....##..#.#..# #
#.........##..##.# ..# #
#.##.##......# . ..
###..........⌠.. ..
.....>.###.....## ##
#####..# ##.##..# #.##
#.. #..#


You could see Prince Ribbit (confused, extremely poisoned).

Vanquished Creatures
  An ice beast (D:5)
  An orc warrior (D:4)
  2 kobold brigands (Sewer)
  A bullfrog skeleton (D:4)
  A hound (D:4)
  A jelly (D:4)
  An iguana (D:4)
  4 orc wizards (D:4)
  A hound skeleton (D:4)
  Robin (D:2)
  8 adders
  7 river rats
  A worm (D:3)
  5 dart slugs
  15 orcs
  10 ball pythons
  6 bats
  5 endoplasms
  4 giant cockroaches
  15 goblins
  4 hobgoblins
  4 jackals (D:4)
  A quokka (D:2)
  7 frilled lizards
  22 kobolds
  27 rats
155 creatures vanquished.

Vanquished Creatures (collateral kills)
  4 goblins (D:2)
  2 hobgoblins (D:2)
6 creatures vanquished.

Grand Total: 161 creatures vanquished

Notes
Turn   | Place    | Note
-------+----------+-------------------------------------------
     0 | D:1      | pokeman the Deep Elf Hedge Wizard began the quest for the
                  | Orb.
     0 | D:1      | Reached XP level 1. HP: 10/10 MP: 7/7
   493 | D:1      | Reached XP level 2. HP: 16/16 MP: 6/9
  1056 | D:1      | Reached skill level 5 in Spellcasting
  1160 | D:1      | Found a faded altar of an unknown god.
  1519 | D:2      | Reached XP level 3. HP: 20/20 MP: 9/11
  1525 | D:2      | Learned a level 3 spell: Mephitic Cloud
  1528 | D:2      | Learned a level 2 spell: Call Imp
  1536 | D:2      | Learned a level 2 spell: Blink
  1540 | D:2      | Learned a level 3 spell: Conjure Flame
  1939 | D:2      | Reached skill level 1 in Fighting
  1939 | D:2      | Reached skill level 1 in Armour
  2187 | D:2      | Found a sacrificial altar of Ru.
  2456 | D:2      | Reached XP level 4. HP: 25/25 MP: 8/13
  2458 | D:2      | Noticed Robin
  2673 | D:2      | Killed Robin
  3035 | D:3      | Found Gadd's Antique Armour Shop.
  3298 | D:3      | Reached skill level 1 in Fire Magic
  3675 | D:3      | Reached skill level 6 in Spellcasting
  3753 | D:3      | Reached XP level 5. HP: 29/29 MP: 6/15
  4064 | D:3      | Found a sacrificial altar of Ru.
  4260 | D:4      | Reached skill level 1 in Air Magic
  4642 | D:4      | Reached skill level 1 in Poison Magic
  4844 | D:4      | Reached XP level 6. HP: 34/34 MP: 6/17
  5021 | D:4      | Reached skill level 1 in Evocations
  5150 | D:4      | Found an iron altar of Okawaru.
  5216 | D:4      | Reached skill level 7 in Spellcasting
  5283 | D:4      | Noticed an orc warrior
  5319 | D:4      | Killed an orc warrior
  5320 | D:4      | Reached skill level 1 in Shields
  5668 | D:5      | Entered Level 5 of the Dungeon
  5679 | D:5      | Noticed an ice beast
  5704 | D:5      | Reached XP level 7. HP: 38/38 MP: 14/20
  5780 | D:5      | Found a glowing drain.
  5792 | Sewer    | Entered a sewer
  6103 | Sewer    | Reached skill level 8 in Spellcasting
  6801 | D:5      | Noticed Prince Ribbit
  6809 | D:5      | Slain by Prince Ribbit

Illustrated notes

Levels and vault maps discovered:
D:1:      kennysheep_arrival_seaside, layout_basic,
          shapermc_ecumenical_altar_mp_ritualfount
D:2:      layout_basic, basic_altar, nrook_uturn, solitary_fountain, uniq_robin
D:3:      layout_basic, mainiacjoe_overflow_alcove_4, serial_shops,
          nicolae_shop_statue_plus, minivault_5
D:4:      layout_cave_pools, okawaru_gym_becter, serial_park,
          serial_park_fountain, serial_park_avenue1, serial_park_tiny_pond
D:5:      layout_loops_cross, minmay_temple_entry_waves, portal_sewer_entry_a,
          serial_shops, nicolae_stop_n_shop_2, uniq_prince_ribbit1

Skill      XL: |  1  2  3  4  5  6  7 |
---------------+----------------------+-----
Spellcasting   | 5 6 7 8 |  8.5
Conjurations   | 2 3 4 |  4.2
Fighting       | 1 |  1.0
Armour         | 1 |  1.0
Fire Magic     | 1 2 |  2.9
Dodging        | 3 |  3.0
Air Magic      | 1 |  1.0
Stealth        | 3 |  3.0
Poison Magic   | 1 |  1.0
Evocations     | 1 |  1.0
Shields        | 1 2 |  2.0
Summonings     | |  1.1
Translocations | |  1.1

Action                   |  1- 3 |  4- 6 |  7- 9 || total
-------------------------+-------+-------+-------++-------
Melee: Short sword       |    14 |    15 |       ||    29
       Dagger            |       |       |    44 ||    44
 Cast: Magic Dart        |   106 |   151 |    67 ||   324
       Conjure Flame     |       |     6 |       ||     6
       Mephitic Cloud    |       |    10 |     7 ||    17
       Call Imp          |       |     1 |       ||     1
       Blink             |       |     2 |       ||     2
 Stab: Confused          |       |     2 |     3 ||     5
Armor: Robe              |     6 |       |       ||     6
       Leather armour    |       |     5 |    20 ||    25
Dodge: Dodged            |    20 |    24 |    39 ||    83

Table legend: (Time is in decaauts)
 A = Elapsed time spent in this place.
 B = Non-inter-level travel time spent in this place.
 C = Inter-level travel time spent in this place.
 D = Time resting spent in this place.
 E = Time spent auto-exploring this place.
 F = Levels seen in this place.
 G = Mean time per level.
                   A        B        C        D        E       F      G
               +--------+--------+--------+--------+--------+-----+--------+
         Total |   6842 |   6624 |    218 |    411 |   5231 |   6 | 1140.3 |
       Dungeon |   5862 |   5644 |    218 |    411 |   4441 |   5 | 1172.4 |
         Sewer |    980 |    980 |      0 |      0 |    790 |   1 |  980.0 |
               +--------+--------+--------+--------+--------+-----+--------+

Top non-repeatable levels by time:
     D:1: 1551 daAuts
     D:3: 1506 daAuts
     D:2: 1460 daAuts
     D:4: 1165 daAuts
   Sewer: 980 daAuts
     D:5: 179 daAuts
